 Dungeon Sprint DCSS version 0.29.0-11-gd7f09526c8 (webtiles) character file.

Game seed: 8901995126301012035

2500000 Zeld the Conqueror (level 16, -45/183 HPs)
             Began as a Minotaur Monk on Sept 6, 2022.
             Was a High Priest of Makhleb.
             Annihilated by a destroyer
             ... wielding a +9 vorpal great sword
              (177 damage)
             ... in the Dungeon (Sprint VIII: "Arena of Blood").
             The game lasted 00:00:27 (25 turns).

Zeld the Conqueror (Minotaur Monk)                    Turns: 25, Time: 00:00:27

Health: -45/183    AC:  2    Str: 25    XL:     16   Next: 66%
Magic:  3/32       EV: 24    Int:  7    God:    Makhleb [*****.]
Gold:   0          SH:  0    Dex: 12    Spells: 15/15 levels left

rFire   . . .      SeeInvis .   i - +∞ Axe of Woe
rCold   . . .      Faith    .   (shield currently unavailable)
rNeg    . . .      Spirit   .   a - +0 robe
rPois   .          Reflect  .   (helmet restricted)
rElec   .          Harm     .   (no cloak)
rCorr   .          Rampage  .   (no gloves)
Will    +....      NoTele   +   (no boots)
Stlth   +++++++...              (no amulet)
HPRegen 0.40/turn               (no ring)
MPRegen 0.23/turn               (no ring)

@: no status effects
A: horns 2, retaliatory headbutt
a: Renounce Religion, Minor Destruction, Lesser Servant of Makhleb, Major
Destruction, Greater Servant of Makhleb


You were in the Dungeon.
You worshipped Makhleb.
Makhleb was extremely pleased with you.
You visited 1 branch

Inventory:

Hand Weapons
 i - the +∞ Axe of Woe (weapon)
   (You found it in the Dungeon)
Armour
 a - a +0 robe (worn)
Scrolls
 h - a scroll of blinking
Potions
 b - a potion of ambrosia
 c - a potion of curing
 d - a potion of heal wounds
 e - a potion of haste
 f - 2 potions of magic
 g - a potion of berserk rage


   Skills:
 O Level 27 Fighting
 O Level 27 Axes
 O Level 27 Dodging
 + Level 19.2 Stealth
 - Level 3.2 Unarmed Combat
 O Level 27 Invocations


You had 15 spell levels left.
You didn't know any spells.
Your spell library was empty.

Dungeon Overview and Level Annotations

Branches:
Dungeon (1/1)

Altars:
Makhleb


Innate Abilities, Weirdness & Mutations

You have a pair of horns on your head.
You reflexively headbutt those who attack you in melee.


Message History

Unknown command.
Press < or > to pray at altars.
The bag of meat shouts!
You hit the meat berserker.
You fatally mangle the meat berserker.
You kill the meat berserker!
Makhleb accepts your kill.
You hit the large bag of meat.
Flame seeps out of the large bag of meat.
You butcher the large bag of meat messily.
Makhleb accepts your kill.
You hit the bag of meat.
You pulverise the bag of meat into a thin bloody mist.
You kill the bag of meat!
Makhleb accepts your kill.
The large bag of meat explodes!
The fiery explosion engulfs you!!
The fiery explosion engulfs the meat berserker!!!
The destroyer appears out of thin air!
A destroyer comes into view. It is wielding a +9 vorpal great sword.
You are engulfed in blazing flames.
You hear a shout! x7
The destroyer gestures at you while chanting.
The destroyer blinks!
The meat berserker is engulfed in blazing flames.
You have mastered Dodging!
Your Stealth skill gained 9 levels and is now at level 19!
You have mastered Invocations!
You have reached level 16!
You feel stronger.
You hear a shout! x4
A bag of meat comes into view. It is wielding a +9 war axe.
The meat berserker is engulfed in blazing flames.
The meat berserker rages.
You hear a shout!
A large bag of meat comes into view. It is wielding a +9 giant spiked club.
The destroyer points at you and mumbles some strange words.
The destroyer blinks!
The destroyer hits you with a +9 vorpal great sword!!!!!
Ouch! That really hurt!
You die...

.. .. #.. ..# #..
...# .###..
...###o .
....§.###........
......._)........
....#...V.#......
. #_.§§§# .....
..oo#.@O○§#......
...oooV)§§o.......
.....oO###o.......
.o###o. ...###...
. #.. ....# .
#.....o.#
......OOo
.O.......o.
.........o


You could see 2 destroyers, 2 large bags of meat, a meat berserker (berserk) and
8 bags of meat.

Vanquished Creatures
  5 ogres (D)
  A two-headed ogre (D)
  8 orcs (D)
14 creatures vanquished.

Notes
Turn   | Place    | Note
-------+----------+-------------------------------------------
     0 | D        | Found the +∞ Axe of Woe
     0 | D        | Zeld the Minotaur Monk began the quest for the Orb.
     0 | D        | Reached XP level 1. HP: 19/19 MP: 0/0
     4 | D        | Became a worshipper of Makhleb the Destroyer
     4 | D        | Reached * piety under Makhleb
     4 | D        | Reached ** piety under Makhleb
     4 | D        | Noticed a meat berserker
     4 | D        | Noticed a bag of meat
     5 | D        | Noticed a bag of meat
     5 | D        | Noticed a bag of meat
     6 | D        | Killed a meat berserker
     6 | D        | Noticed a bag of meat
     7 | D        | Reached skill level 15 in Axes
     7 | D        | Reached skill level 15 in Dodging
     7 | D        | Reached skill level 5 in Stealth
     7 | D        | Reached XP level 2. HP: 61/61 MP: 0/8
     7 | D        | Reached XP level 3. HP: 68/68 MP: 0/9
     7 | D        | Reached XP level 4. HP: 77/77 MP: 0/11
     7 | D        | Reached XP level 5. HP: 84/84 MP: 0/12
     7 | D        | Reached XP level 6. HP: 92/92 MP: 0/14
     7 | D        | Reached XP level 7. HP: 100/100 MP: 0/15
     7 | D        | Reached XP level 8. HP: 107/107 MP: 0/16
     7 | D        | Reached XP level 9. HP: 115/115 MP: 0/17
     7 | D        | Reached XP level 10. HP: 124/124 MP: 0/18
     7 | D        | Reached XP level 11. HP: 130/130 MP: 0/19
     7 | D        | Noticed a bag of meat
     8 | D        | Killed a bag of meat
     8 | D        | Killed a bag of meat
     9 | D        | Reached XP level 12. HP: 148/148 MP: 0/21
     9 | D        | Reached XP level 13. HP: 156/156 MP: 0/22
    10 | D        | Killed a bag of meat
    10 | D        | Reached *** piety under Makhleb
    10 | D        | Killed a bag of meat
    11 | D        | Reached skill level 27 in Fighting
    11 | D        | Noticed a bag of meat
    12 | D        | Noticed a bag of meat
    12 | D        | Noticed a bag of meat
    13 | D        | Killed a bag of meat
    14 | D        | Reached XP level 14. HP: 168/168 MP: 1/25
    14 | D        | Noticed a large bag of meat
    14 | D        | Noticed a bag of meat
    14 | D        | Noticed a bag of meat
    14 | D        | Noticed a bag of meat
    14 | D        | Noticed a bag of meat
    14 | D        | Noticed a bag of meat
    15 | D        | Noticed a meat berserker
    15 | D        | Noticed a meat berserker
    15 | D        | Noticed a meat berserker
    17 | D        | Noticed a meat berserker
    17 | D        | Noticed a bag of meat
    17 | D        | Noticed a bag of meat
    17 | D        | Noticed a bag of meat
    18 | D        | Noticed a meat berserker
    18 | D        | Noticed a bag of meat
    19 | D        | Killed a bag of meat
    19 | D        | Reached **** piety under Makhleb
    19 | D        | Killed a bag of meat
    20 | D        | Noticed a bag of meat
    21 | D        | Killed a meat berserker
    21 | D        | Killed a meat berserker
    21 | D        | Reached ***** piety under Makhleb
    21 | D        | Noticed a bag of meat
    21 | D        | Noticed a bag of meat
    22 | D        | Reached XP level 15. HP: 174/174 MP: 2/29
    22 | D        | Killed a meat berserker
    23 | D        | Reached skill level 27 in Axes
    23 | D        | Reached skill level 10 in Stealth
    23 | D        | Noticed a large bag of meat
    23 | D        | Noticed a large bag of meat
    23 | D        | Noticed a destroyer
    24 | D        | Killed a meat berserker
    24 | D        | Killed a large bag of meat
    25 | D        | Reached skill level 27 in Dodging
    25 | D        | Reached skill level 27 in Invocations
    25 | D        | Reached XP level 16. HP: 131/183 MP: 3/32
    25 | D        | Noticed a destroyer
    25 | D        | Noticed a large bag of meat
    25 | D        | Annihilated by a destroyer

Illustrated notes

Levels and vault maps discovered:
D:        meatsprint

Skill      XL: |  1  2  3  4  5  6  7  8  9 10 11 12 13 14 15 |
---------------+----------------------------------------------+-----
Fighting       | 22 26 27 | 27.0
Axes           | 15 17 20 25 27 | 27.0
Dodging        | 15 17 20 25 27 | 27.0
Stealth        | 5 6 7 9 19 | 19.2
Invocations    | 12 14 17 22 27 | 27.0
Unarmed Combat | |  3.2

Action                   |  1- 3 |  4- 6 |  7- 9 | 10-12 | 13-15 | 16-18 || total
-------------------------+-------+-------+-------+-------+-------+-------++-------
Melee: Executioner's axe |     1 |       |       |     1 |     6 |       ||     8
Dodge: Dodged            |       |       |       |       |     1 |       ||     1
